 Dungeon Crawl Stone Soup version 0.28-a0-1429-gf3d713df7a (webtiles) character file.

Game seed: 14581767059894802346

567 Sabo the Conjurer (level 7, -3/37 HPs)
             Began as a Deep Elf Conjurer on Jan 8, 2022.
             Was a Believer of Kikubaaqudgha.
             Slain by an orc priest (7 damage)
             ... on level 5 of the Dungeon.
             The game lasted 00:30:50 (5543 turns).

Sabo the Conjurer (Deep Elf Conjurer)               Turns: 5543, Time: 00:30:52

Health: -3/37      AC:  2    Str:  6    XL:     7   Next: 11%
Magic:  16/17      EV: 13    Int: 23    God:    Kikubaaqudgha [**....]
Gold:   165        SH:  0    Dex: 13    Spells: 11/17 levels left

rFire   . . .      SeeInvis .   l - +0 war axe
rCold   . . .      Faith    .   (no shield)
rNeg    . . .      Spirit   .   a - +0 robe
rPois   .          Reflect  .   (no helmet)
rElec   .          Harm     .   (no cloak)
rCorr   .          Rampage  .   (no gloves)
Will    .....                   (no boots)
Stlth   +++.......              q - amulet of magic regeneration
HPRegen 0.12/turn               (no ring)
MPRegen 0.55/turn               (no ring)

@: lethally poisoned (-3 -> -9)
A: no striking features
a: Renounce Religion, Receive Corpses


You were on level 5 of the Dungeon.
You worshipped Kikubaaqudgha.
Kikubaaqudgha was pleased with you.
You visited 1 branch of the dungeon, and saw 5 of its levels.

You collected 165 gold pieces.

Inventory:

Hand Weapons
 b - a +0 long sword
 l - a +0 war axe (weapon)
 n - a +0 shortbow
 r - a +1 dagger of pain
 s - the +2 short sword of Patience {flame, rElec MP-9 Str+9 Stlth+}
   (You found it on level 4 of the Dungeon)

   It burns those it strikes, dealing additional fire damage.
   Str:       It affects your strength (+9).
   rElec:     It insulates you from electricity.
   MP:        It affects your magic capacity (-9).
   Stlth:     It makes you more stealthy.
Missiles
 h - 19 poisoned darts (quivered)
 m - 50 arrows
 t - 2 atropa-tipped darts
 w - 25 sling bullets
Armour
 a - a +0 robe (worn)
Magical Staves
 f - a staff of poison
Jewellery
 q - an amulet of magic regeneration (around neck)
Wands
 i - a wand of digging (6)
 v - a wand of acid (14)
Scrolls
 d - a scroll of silence
 e - a scroll of teleportation
 g - 3 scrolls of fog {unknown}
 o - a scroll of blinking {unknown}
 u - 3 scrolls of fear
Potions
 c - 5 potions of flight
 j - a potion of curing {unknown}
 k - a potion of ambrosia {unknown}
 p - 2 potions of invisibility {unknown}


   Skills:
 + Level 0.4 Fighting
 + Level 0.5(0.8) Axes
 + Level 0.4(0.6) Maces & Flails
 + Level 3.4 Dodging
 + Level 4.1 Stealth
 + Level 5.7 Spellcasting
 + Level 7.3 Conjurations


You had 11 spell levels left.
You knew the following spells:

 Your Spells              Type           Power      Damage    Failure   Level
a - Magic Dart            Conj           100%       1d8       1%          1
b - Stone Arrow           Conj/Erth      46%        3d9       6%          3
c - Searing Ray           Conj           80%        2d7       1%          2

Your spell library contained the following spells:

 Spells                   Type           Power      Damage    Failure   Level
 Dazzling Flash           Conj/Hex       46%        N/A       6%          3
 Pain                     Necr           24%        1d5       9%          1
 Slow                     Hex            24%        N/A       9%          1
 Mephitic Cloud           Conj/Pois/Air  17%        N/A       10%         3
 Call Imp                 Summ           6%         N/A       13%         2
 Corpse Rot               Necr/Air       12%        N/A       13%         2
 Sublimation of Blood     Necr           6%         N/A       13%         2
 Fulminant Prism          Conj/Hex       11%        3d9       19%         4
 Iskenderun's Mystic Bla  Conj/Tloc      23%        2d6       19%         4
 Confusing Touch          Hex            6%         N/A       26%         3
 Ignite Poison            Fire/Tmut/Pois 6%         N/A       26%         3
 Vampiric Draining        Necr           6%         2d6       26%         3
 Animate Armour           Summ/Erth      12%        N/A       65%         4
 Freezing Cloud           Conj/Ice/Air   8%         6-21      65%         5
 Lehudib's Crystal Spear  Conj/Erth      11%        10d4      100%        8


Dungeon Overview and Level Annotations

Branches:
Dungeon (5/15)             Temple (0/1) D:4

Altars:
Kikubaaqudgha

Shops:
D:1 (   D:4 ?


Message History

The magic dart hits the orc priest but does no damage.
The orc priest is severely wounded.
The orc hits you with a +0 morningstar! The orc priest barely misses you.
Unknown command.
Unknown command.
Unknown command.
You closely miss the orc priest.
The orc priest is severely wounded.
You hit the orc. The orc closely misses you. The orc priest barely misses you.
The adder closely misses you. The orc barely misses you.
You barely miss the orc priest.
The orc priest is severely wounded.
You hit the adder. You hit the orc but do no damage. The adder bites you.
You are poisoned.
The adder poisons you! The orc hits you with a +0 morningstar!
The orc priest calls down the wrath of Beogh upon you.
You struggle to resist.
The adder bites you.
* * * LOW HITPOINT WARNING * * *
You are lethally poisoned!
The adder poisons you!
You slash the orc!
You kill the orc!
Kikubaaqudgha accepts your kill.
You closely miss the adder.
You hit the orc priest but do no damage.
You closely miss the orc.
* * * LOW HITPOINT WARNING * * *
You feel very sick. The orc misses you. The adder closely misses you.
The orc priest closely misses you. The orc closely misses you.
The adder bites you but does no damage.
You barely miss the orc priest.
The orc priest is severely wounded.
You barely miss the adder. You hit the orc.
* * * LOW HITPOINT WARNING * * *
You feel sick. The orc priest closely misses you. The adder closely misses you.
The orc barely misses you.
The orc priest hits you with a +2 morningstar of protection!
You die...
Kikubaaqudgha rasps: "You have failed me!
Welcome... death!"

##.### #.# ##....##
##.# ###..##..####.##
....#####...#.# ....#
##....# ...## ###..# ##
...# ##.## ##.# ...#
##...####...# ....#
##....o@...# .....#
###.....o)S.##
.......#............#
#.........?.......$#..#
...........#....# #..
..###.....##...## #
##...##...## ##..##...#
##.....##


You could see an orc priest, an adder and an orc.

Vanquished Creatures
  2 ogres
  A water moccasin skeleton (D:4)
  2 orc priests (D:4)
  Natasha (thrice) (D:3)
  An orc wizard (D:4)
  9 adders
  A worm (D:2)
  2 dart slugs
  9 orcs
  7 endoplasms
  3 giant cockroaches
  6 goblins
  9 hobgoblins
  7 jackals
  5 quokkas
  12 ball pythons
  5 bats
  4 frilled lizards
  4 kobolds
  7 rats
99 creatures vanquished.

Notes
Turn   | Place    | Note
-------+----------+-------------------------------------------
     0 | D:1      | Sabo the Deep Elf Conjurer began the quest for the Orb.
     0 | D:1      | Reached XP level 1. HP: 10/10 MP: 6/6
     6 | D:1      | Noticed a salamander
     6 | D:1      | Noticed an iguana
     6 | D:1      | Noticed a rime drake
     7 | D:1      | Noticed a swamp worm
   174 | D:1      | Found Karoc's Weapon Shop.
   328 | D:1      | Reached XP level 2. HP: 15/15 MP: 5/8
   617 | D:1      | Reached skill level 5 in Conjurations
  1106 | D:2      | Reached XP level 3. HP: 19/19 MP: 3/9
  1823 | D:2      | Found a faded altar of an unknown god.
  1851 | D:2      | Prayed at the altar of an unknown god.
  1851 | D:2      | Became a worshipper of Kikubaaqudgha
  1851 | D:2      | Reached * piety under Kikubaaqudgha
  1851 | D:2      | Received a gift from Kikubaaqudgha
  2119 | D:2      | Reached XP level 4. HP: 24/24 MP: 5/11
  2541 | D:3      | Noticed an ogre
  2550 | D:3      | Killed an ogre
  2551 | D:3      | Reached skill level 6 in Conjurations
  2551 | D:3      | Reached XP level 5. HP: 28/28 MP: 3/13
  2695 | D:3      | Noticed Natasha
  2706 | D:3      | Killed Natasha
  2980 | D:3      | Noticed Natasha
  2984 | D:3      | Killed Natasha
  3036 | D:3      | Noticed Natasha
  3042 | D:3      | Killed Natasha
  3043 | D:3      | Reached XP level 6. HP: 25/32 MP: 9/14
  3548 | D:3      | Reached ** piety under Kikubaaqudgha
  4269 | D:4      | Reached skill level 5 in Spellcasting
  4269 | D:4      | Reached skill level 7 in Conjurations
  4664 | D:4      | Identified the +2 short sword of Patience {flame, rElec
                  | MP-9 Str+9 Stlth+}
  4774 | D:4      | Learned a level 3 spell: Stone Arrow
  4777 | D:4      | Learned a level 2 spell: Searing Ray
  4853 | D:4      | Found Okhlamef's Magic Scroll Emporium.
  4864 | D:4      | Reached XP level 7. HP: 10/37 MP: 13/17
  5301 | D:4      | Found a staircase to the Ecumenical Temple.
  5376 | D:5      | Entered Level 5 of the Dungeon
  5543 | D:5      | Slain by an orc priest

Illustrated notes

Levels and vault maps discovered:
D:1:      onia_arrival_zoo_common, layout_rooms, serial_shops,
          nicolae_shop_waterfront
D:2:      minmay_evil_eye, layout_basic, serial_glass, glass_columns_a,
          glass_columns_a, glass_columns_b, nicolae_ecumenical_snake_handling,
          minmay_pentomino_t2
D:3:      minmay_angry_zag, layout_rooms, uniq_natasha
D:4:      kennysheep_spiral_hall, layout_basic, minmay_temple_entry_arrows,
          serial_shops, shop, minivault_4
D:5:      layout_layer_cave, uniq_eustachio

Skill      XL: |  1  2  3  4  5  6 |
---------------+-------------------+-----
Conjurations   | 5 6 7 |  7.3
Stealth        | 3 4 |  4.1
Spellcasting   | 4 5 |  5.7
Dodging        | 3 |  3.4
Fighting       | |  0.4
Axes           | |  0.5
Maces & Flails | |  0.4

Action                   |  1- 3 |  4- 6 |  7- 9 || total
-------------------------+-------+-------+-------++-------
Melee: Mace              |    11 |       |       ||    11
       War axe           |       |    11 |     4 ||    15
 Cast: Magic Dart        |    80 |   113 |    21 ||   214
  Use: Scroll            |       |     3 |     2 ||     5
Armor: Robe              |     6 |     4 |     1 ||    11
Dodge: Dodged            |    13 |    24 |    13 ||    50

Table legend: (Time is in decaauts)
 A = Elapsed time spent in this place.
 B = Non-inter-level travel time spent in this place.
 C = Inter-level travel time spent in this place.
 D = Time resting spent in this place.
 E = Time spent auto-exploring this place.
 F = Levels seen in this place.
 G = Mean time per level.
                   A        B        C        D        E       F      G
               +--------+--------+--------+--------+--------+-----+--------+
         Total |   5553 |   5553 |      0 |   2627 |      0 |   5 | 1110.6 |
       Dungeon |   5553 |   5553 |      0 |   2627 |      0 |   5 | 1110.6 |
               +--------+--------+--------+--------+--------+-----+--------+

Top non-repeatable levels by time:
     D:2: 1586 daAuts
     D:3: 1573 daAuts
     D:4: 1440 daAuts
     D:1: 784 daAuts
     D:5: 168 daAuts
